 Dungeon Crawl Stone Soup version 0.23.2-1-ga50397a (webtiles) character file.

Game seed: 15320326195502421754

101 Iscandelvey the Bolt Thrower (level 4, 0/32 HPs)
             Began as a Demonspawn Arcane Marksman on Apr 30, 2019.
             Succumbed to an adder's poison
             ... on level 2 of the Dungeon.
             The game lasted 00:02:51 (1328 turns).

Iscandelvey the Bolt Thrower (DsAM)                 Turns: 1328, Time: 00:02:52

Health: 0/32       AC:  2    Str:  8 (10) XL:     4   Next: 48%
Magic:  5/5        EV: 12    Int: 14 (16) God:
Gold:   58         SH:  0    Dex: 12 (13) Spells: 4/5 levels left

rFire    . . .     SeeInvis .   l - +0 dagger
rCold    . . .     Gourm    .   (no shield)
rNeg     . . .     Faith    .   e - +0 robe
rPois    .         Spirit   .   (no helmet)
rElec    .         Reflect  .   (no cloak)
rCorr    .         Harm     .   (no gloves)
MR       .....                  (no boots)
Stlth    ++........             (no amulet)
HPRegen  0.10/turn              (no ring)
MPRegen  0.09/turn              (no ring)

@: lethally poisoned (0 -> -9)
A: claws 1, powered by pain 1
a: no special abilities


You were on level 2 of the Dungeon.
You were not hungry.

You visited 1 branch of the dungeon, and saw 2 of its levels.

You collected 58 gold pieces.

Inventory:

Hand Weapons
 a - a +0 hand crossbow
 l - a +0 dagger (weapon)
Armour
 e - a +0 robe (worn)
Scrolls
 c - a scroll of teleportation {unknown}
 g - a scroll of enchant weapon {unknown}
 h - a scroll of immolation {unknown}
 i - a scroll of magic mapping {unknown}
 j - 4 scrolls of identify {unknown}
Potions
 b - a potion of brilliance {unknown}
Comestibles
 d - 7 chunks of flesh
 f - 5 rations


   Skills:
 + Level 1.4 Fighting
 + Level 3.4 Crossbows
 + Level 2.3 Dodging
 + Level 1.0 Stealth
 + Level 1.0 Spellcasting
 + Level 3.3 Hexes


You had 4 spell levels left.
You knew the following spells:

 Your Spells              Type           Power        Failure   Level  Hunger
a - Corona                Hex            ##.....      7%          1    ##.....

Your spell library contained the following spells:

 Spells                   Type           Power        Failure   Level  Hunger
 Slow                     Hex            ##......     10%         2    ###....
 Inner Flame              Hex/Fire       #.......     36%         3    ####...
 Portal Projectile        Hex/Tloc       #.....       36%         3    ####...
 Cause Fear               Hex            ##........   54%         4    #####..
 Leda's Liquefaction      Hex/Erth       #.........   78%         4    #####..


Dungeon Overview and Level Annotations

Branches:
Dungeon (2/15)

Altars:


Innate Abilities, Weirdness & Mutations

You have sharp fingernails.
You sometimes gain a little power by taking damage.


Message History

You are lethally poisoned!
The adder poisons you!
You miss the adder.
The adder is severely wounded.
* * * LOW HITPOINT WARNING * * *
You feel sick. The adder barely misses you.
You miss the adder.
The adder is severely wounded.
* * * LOW HITPOINT WARNING * * *
You feel sick. The adder bites you.
* * * LOW HITPOINT WARNING * * *
The adder barely misses you.
You hit the adder.
The adder is severely wounded.
* * * LOW HITPOINT WARNING * * *
You feel sick. The adder bites you.
* * * LOW HITPOINT WARNING * * *
You hit the adder but do no damage.
The adder is severely wounded.
You die...

#.# ... # #.# #.####
#.#.#....
#....########.#.....#
####..............#
##########.##### #.#
#.# #.##### #@#...
######S#.#####
..............#
.######.#.###.#
#.>..# #.....#
##..... ##(### #.#


You could see an adder.

Vanquished Creatures
  Jessica (D:2)
  3 adders (D:2)
  A worm (D:2)
  A dart slug (D:2)
  2 leopard geckos
  3 bats
  3 giant cockroaches
  3 goblins
  8 hobgoblins
  4 jackals (D:2)
  2 kobolds (D:1)
  A quokka (D:2)
  3 frilled lizards
  6 rats
41 creatures vanquished.

Notes
Turn   | Place    | Note
-------+----------+-------------------------------------------
     0 | D:1      | Iscandelvey the Demonspawn Arcane Marksman began the quest
                  | for the Orb.
     0 | D:1      | Reached XP level 1. HP: 15/15 MP: 2/2
    63 | D:1      | Gained mutation: You sometimes gain a little power by
                  | taking damage. [demonic ancestry]
    63 | D:1      | Reached XP level 2. HP: 21/21 MP: 3/3
   534 | D:2      | Gained mutation: You have sharp fingernails. [demonic
                  | ancestry]
   534 | D:2      | Reached XP level 3. HP: 26/26 MP: 4/4
   979 | D:2      | Noticed Jessica
   984 | D:2      | Killed Jessica
   984 | D:2      | Reached XP level 4. HP: 27/32 MP: 5/5
  1090 | D:2      | Reached skill level 1 in Stealth
  1327 | D:2      | HP: 1/32 [adder (3)]
  1328 | D:2      | Succumbed to an adder's poison

Skill      XL: |  1  2  3  4 |
---------------+-------------+-----
Crossbows      | 2 3 |  3.4
Dodging        | 2 |  2.3
Stealth        | 1 |  1.0
Fighting       | |  1.4
Spellcasting   | |  1.0
Hexes          | |  3.3

Action                   |  1- 3 |  4- 6 || total
-------------------------+-------+-------++-------
Melee: Dagger            |     6 |    68 ||    74
 Fire: Hand crossbow     |    89 |    15 ||   104
  Use: Potion            |     3 |       ||     3
  Eat: Chunk             |       |     1 ||     1
Armor: Robe              |     1 |    20 ||    21
Dodge: Dodged            |    30 |    49 ||    79
